 Dungeon Crawl Stone Soup version 0.31.0-9-g3a7656b989 (webtiles) character file.

Game seed: 7161852295153511638

483 qw the Skirmisher (level 6, 0/36 HPs)
             Began as a Deep Elf Hunter on Feb 2, 2024.
             Incinerated by a bombardier beetle (4 damage)
             ... with a burning spray
             ... on level 4 of the Dungeon.
             The game lasted 00:00:13 (3017 turns).

qw the Skirmisher (Deep Elf Hunter)                 Turns: 3017, Time: 00:00:13

Health: 0/36       AC:  5    Str: 10    XL:     6   Next: 88%
Magic:  8/8        EV: 16    Int: 14    God:
Gold:   226        SH:  0    Dex: 18    Spells: 5/5 levels left

rFire   . . .        a - +0 shortbow
rCold   . . .        (shield currently unavailable)
rNeg    . . .        m - +0 ring mail
rPois   .            (no helmet)
rElec   .            (no cloak)
rCorr   .            (no gloves)
SInv    .            (no boots)
Will    .....        (no amulet)
Stlth   +            b - +5 ring of evasion
HPRegen 0.26/turn    (no ring)
MPRegen 0.11/turn

%: no passive effects
@: on fire, glowing
A: no striking features
a: no special abilities


You were on level 4 of the Dungeon.
You visited 1 branch of the dungeon, and saw 4 of its levels.

You collected 226 gold pieces.


   Skills:
 - Level 2.8 Fighting
 + Level 10.0 Ranged Weapons
 - Level 3.0 Dodging
 - Level 1.2 Stealth


You had 5 spell levels left.
You didn't know any spells.
Your spell library was empty.

Inventory:

Hand Weapons
 a - a +0 shortbow (weapon)
Armour
 m - a +0 ring mail (worn)
Jewellery
 b - a +5 ring of evasion (left hand)
Scrolls
 c - a scroll of fear {unknown}
 g - a scroll of enchant armour {unknown}
Potions
 d - a potion of ambrosia {unknown}
 e - 2 potions of heal wounds
 f - 4 potions of curing
 i - a potion of enlightenment

Dungeon Overview and Level Annotations

Branches:
Dungeon (4/15)
 Temple: D:4-7

Altars:
Sif Muna

Shops:
D:3 [

Annotations:
D:4 Ijyb


Message History

You shoot an arrow.
The arrow hits the kobold but does no damage.
The liquid fire burns you! The kobold closely misses you.
You shoot an arrow. The arrow hits the kobold!
You kill the kobold!
The liquid fire burns you!
You shoot an arrow.
The arrow barely misses the bombardier beetle.
The liquid fire burns you!
You shoot an arrow. The arrow hits the bombardier beetle.
The bombardier beetle is moderately wounded.
The liquid fire burns you!
The bombardier beetle bites you but does no damage.
You shoot an arrow.
The arrow barely misses the bombardier beetle.
The liquid fire burns you!
3010 ||| DRINKING 3 potions of heal wounds.
You feel much better. The liquid fire burns you!
The bombardier beetle misses you.
You shoot an arrow. The arrow hits the bombardier beetle.
The bombardier beetle is heavily wounded.
The liquid fire burns you!
The bombardier beetle barely misses you.
You shoot an arrow. The arrow hits the bombardier beetle!
You kill the bombardier beetle!
The liquid fire burns you!
Your Dodging skill increases to level 3!
You are on fire!
The liquid fire burns you!
You are on fire!
The liquid fire burns you!
You are on fire!
The liquid fire burns you!
You are on fire!
The liquid fire burns you!
You are on fire!
The liquid fire burns you!
You die...

.......####.........#
.####### ##.######## .#
#.# .# ##+## .# ##...##
### .### ##.....## ...
.#.## ##.......## .. .
....####.........#.#....
.......+........@)......
....####.........#.#....
.#.## ##.......## # #
.### ##.....## .#
##...## .###########'##
.##..........#
.##.#######..#### ....#
#.........#


There were no monsters in sight!

Vanquished Creatures
  Sigmund (D:3)
  Edmund (D:4)
  A hound (D:4)
  2 bombardier beetles
  3 adders
  A ribbon worm (D:2)
  2 orcs
  4 ball pythons
  6 bats
  4 endoplasms
  A giant cockroach (D:2)
  11 goblins
  8 hobgoblins
  2 jackals (D:1)
  5 quokkas
  4 frilled lizards
  8 kobolds
  3 rats
67 creatures vanquished.

Notes
Turn   | Place    | Note
-------+----------+-------------------------------------------
     0 | D:1      | qw the Deep Elf Hunter began the quest for the Orb.
     0 | D:1      | Reached XP level 1. HP: 12/12 MP: 3/3
     0 | D:1      | 0 ||| qw: Version: 0.3-a-155-g5e7d8dd
     0 | D:1      | 0 ||| qw: Game counter: 2723
     0 | D:1      | 0 ||| qw: Melee chars always use a shield: true
     0 | D:1      | 0 ||| qw: God list: Okawaru
     0 | D:1      | 0 ||| qw: Allow faded altars: false
     0 | D:1      | 0 ||| qw: Do Orc after clearing Dungeon:15 true
     0 | D:1      | 0 ||| qw: Do second Lair branch before Depths: true
     0 | D:1      | 0 ||| qw: Lair rune preference: random
     0 | D:1      | 0 ||| qw: Goals: Normal
     0 | D:1      | 0 ||| PLANNING D:1-11
   320 | D:1      | Found a faded altar of an unknown god.
   400 | D:1      | Reached XP level 2. HP: 16/16 MP: 4/4
   419 | D:1      | Reached skill level 6 in Ranged Weapons
   875 | D:1      | 875 ||| DROPPING ring of wizardry.
   876 | D:1      | 876 ||| READING 3 scrolls labelled LESASEDOADGH.
   876 | D:1      | 876 ||| IDENTIFYING lumpy puce potion
   877 | D:1      | 877 ||| READING 2 scrolls of identify.
   877 | D:1      | 877 ||| IDENTIFYING viscous coppery potion
   878 | D:1      | 878 ||| READING scroll of identify.
   878 | D:1      | 878 ||| IDENTIFYING orange potion
   879 | D:1      | 879 ||| READING scroll labelled XEAF ARCHAI.
   880 | D:1      | 880 ||| READING scroll labelled YHYG XASIONASM.
   881 | D:1      | 881 ||| DRINKING 2 emerald potions.
   882 | D:1      | 882 ||| DROPPING scroll of butterflies.
   883 | D:1      | 883 ||| DROPPING potion of degeneration.
   939 | D:2      | 939 ||| RETREEEEATING.
   940 | D:2      | 940 ||| RETREEEEATING.
   946 | D:2      | Reached XP level 3. HP: 20/20 MP: 5/5
   960 | D:2      | 960 ||| FLEEEEING.
  1136 | D:2      | Reached skill level 7 in Ranged Weapons
  1644 | D:2      | 1644 ||| UPGRADING to +0 ring mail.
  1654 | D:2      | 1654 ||| DROPPING +0 leather armour.
  1655 | D:2      | 1655 ||| UPGRADING to +5 ring of evasion.
  1656 | D:2      | 1656 ||| READING scroll of identify.
  1656 | D:2      | 1656 ||| IDENTIFYING sedimented clear potion
  1657 | D:2      | 1657 ||| READING scroll labelled FANAMI AHEST.
  1658 | D:2      | 1658 ||| READING 2 scrolls labelled MEVVEA GUHUYK.
  1659 | D:2      | 1659 ||| READING scroll labelled RAADOERHIE.
  1660 | D:2      | 1660 ||| DROPPING scroll of blinking.
  1693 | D:3      | Found Obaggom's Armour Shoppe.
  1706 | D:3      | Reached XP level 4. HP: 19/25 MP: 6/6
  1746 | D:3      | 1746 ||| SHOPLISTING +0 pair of boots of Ibi Ilut {rElec
                  | Dex+4} (376 gold, have 155).
  1761 | D:3      | Found a shimmering blue altar of Sif Muna.
  1804 | D:3      | Reached skill level 8 in Ranged Weapons
  1940 | D:3      | Noticed Sigmund
  1941 | D:3      | 1941 ||| DRINKING potion of haste.
  1963 | D:3      | Killed Sigmund
  1964 | D:3      | Reached skill level 9 in Ranged Weapons
  1964 | D:3      | Reached XP level 5. HP: 24/29 MP: 7/7
  1964 | D:3      | Reached XP level 6. HP: 29/34 MP: 8/8
  2304 | D:3      | 2304 ||| READING 2 scrolls of identify.
  2304 | D:3      | 2304 ||| IDENTIFYING 2 inky potions
  2305 | D:3      | 2305 ||| READING scroll of identify.
  2305 | D:3      | 2305 ||| IDENTIFYING scroll labelled PAUTAGHEDE
  2306 | D:3      | 2306 ||| READING 2 scrolls labelled QIECAIGYHI.
  2307 | D:3      | 2307 ||| DROPPING scroll of poison.
  2308 | D:3      | 2308 ||| DROPPING 2 potions of attraction.
  2310 | D:3      | 2310 ||| Stepping ~*~*~tactically~*~*~ (cloud).
  2621 | D:4      | Noticed Edmund
  2632 | D:4      | Killed Edmund
  2689 | D:4      | 2689 ||| FLEEEEING.
  2690 | D:4      | 2690 ||| FLEEEEING.
  2691 | D:4      | 2691 ||| FLEEEEING.
  2692 | D:4      | 2692 ||| FLEEEEING.
  2693 | D:4      | 2693 ||| FLEEEEING.
  2694 | D:4      | 2694 ||| FLEEEEING.
  2695 | D:4      | 2695 ||| FLEEEEING.
  2696 | D:4      | 2696 ||| FLEEEEING.
  2697 | D:4      | 2697 ||| FLEEEEING.
  2698 | D:4      | 2698 ||| FLEEEEING.
  2702 | D:4      | 2702 ||| FLEEEEING.
  2703 | D:4      | 2703 ||| FLEEEEING.
  2704 | D:4      | 2704 ||| FLEEEEING.
  2705 | D:4      | 2705 ||| FLEEEEING.
  2706 | D:4      | 2706 ||| FLEEEEING.
  2707 | D:4      | 2707 ||| FLEEEEING.
  2708 | D:4      | 2708 ||| FLEEEEING.
  2709 | D:4      | 2709 ||| FLEEEEING.
  2710 | D:4      | 2710 ||| FLEEEEING.
  2711 | D:4      | 2711 ||| FLEEEEING.
  2801 | D:4      | Noticed Ijyb
  2823 | D:4      | HP: 5/36 [Ijyb/bolt of acid (7)]
  2824 | D:4      | 2824 ||| READING scroll of teleportation.
  2825 | D:4      | 2825 ||| DRINKING 5 potions of heal wounds.
  2827 | D:4      | 2827 ||| DRINKING 4 potions of heal wounds.
  2908 | D:4      | Reached skill level 10 in Ranged Weapons
  3009 | D:4      | HP: 8/36 [burnt (3)]
  3010 | D:4      | 3010 ||| DRINKING 3 potions of heal wounds.
  3013 | D:4      | Reached skill level 3 in Dodging
  3015 | D:4      | HP: 8/36 [burnt (2)]
  3017 | D:4      | Incinerated by a bombardier beetle

Levels and vault maps discovered:
D:1:      scummos_arrival_forest, layout_loops_corners,
          hellmonk_ecumenical_altar_leap_of_faith
D:2:      cheibrodos_greedy_goblins, layout_loops_ring, glass_columns_b
D:3:      layout_rooms, mainiacjoe_overflow_cross_hatched, serial_shops, shop,
          uniq_sigmund
D:4:      layout_loops_corners, uniq_ijyb, uniq_menkaure, uniq_edmund

Skill      XL: |  1  2  3  4  5  6 |
---------------+-------------------+-----
Ranged Weapons | 6 7 9 10 | 10.0
Fighting       | 2 |  2.8
Dodging        | 3 |  3.0
Stealth        | |  1.2

Action                     |  1- 3 |  4- 6 || total
---------------------------+-------+-------++-------
   Fire: Shortbow          |   111 |   141 ||   252
    Use: Scroll            |     9 |     4 ||    13
         Potion            |     1 |     4 ||     5
 Armour: Leather armour    |    11 |       ||    11
         Ring mail         |     6 |    29 ||    35
  Dodge: Dodged            |    25 |    63 ||    88

Table legend:
 A = Non-vault XP
 B = Vault XP
 C = Vault XP percentage of total XP
 D = Non-vault monster count
 E = Vault monster count
 F = Vault count percentage of total count
                 A         B        C        D         E       F
            +---------+---------+-------+---------+---------+-------
      Total |     261 |     430 |  62.2 |      54 |      13 |  19.4
            +---------+---------+-------+---------+---------+-------
        D:1 |      32 |       0 |   0.0 |      18 |       0 |   0.0
        D:2 |      33 |      22 |  40.0 |      12 |      11 |  47.8
        D:3 |      81 |     239 |  74.7 |      16 |       1 |   5.9
        D:4 |     115 |     169 |  59.5 |       8 |       1 |  11.1
            +---------+---------+-------+---------+---------+-------
